Influenza vs Punishers
Created - January 10, 2019 at 19:45
Goals
|
| Influenza |
0 |
0 |
3 |
3 |
| Punishers |
0 |
1 |
0 |
1 |
|
Shots
|
| Influenza |
9 |
9 |
18 |
36 |
| Punishers |
8 |
11 |
13 |
32 |
|
1st period
No Goal
Penalties :
Colton Gillies (Pro) for Slashing (Minor) at 11:24, Anthony Mantha (VJB) for Hooking (Minor) at 14:11
2nd period
1. Punishers , Miikka Salomaki 18 (Mark Jankowski 9, Patrick Wiercioch 8) at 1:31
Penalties :
Johan Larsson (VJB) for Holding (Minor) at 5:09
3rd period
2. Influenza , Max Domi 15 (Joe Morrow 3, Jake Guentzel 11) at 1:43
3. Influenza , Paul Ladue 1 (Alex Killorn 4, Beau Bennett 32) at 1:56
4. Influenza , Jimmy Vesey 17 (Iiro Pakarinen 15) at 5:50
Penalties :
Robbie Earl (Pro) for Hooking (Minor) at 5:59, David Laliberté (Pro) for Hooking (Minor) at 13:11
Goalie Stats
Jeremy Duchesne (VJB), 31 saves from 32 shots - (0.969), W, 19-6-1, 60:00 minutes
Kristers Gudlevskis (Pro), 33 saves from 36 shots - (0.917), L, 6-11-2, 60:00 minutes
Players Stats for Influenza
Player Name G A P +/- PIM S H SB GA TA FO MP PP MP PK MP
------------------------------------------------------------------------------------
Alex Killorn 0 1 1 1 0 8 4 1 0 1 2/4 20:51 3:35 2:16
Anthony Mantha 0 0 0 1 2 1 5 0 0 1 0/0 13:17 0:00 0:00
Beau Bennett 0 1 1 1 0 4 4 1 2 0 1/3 19:32 3:35 1:05
Charlie Coyle 0 0 0 1 0 1 0 0 0 0 14/24 20:33 3:35 2:05
Dmitry Sinitsyn 0 0 0 0 0 2 0 0 0 0 0/0 11:51 0:00 0:00
Iiro Pakarinen 0 1 1 0 0 1 0 0 2 0 0/1 16:00 2:22 0:00
Jacob Josefson 0 0 0 0 0 0 0 0 0 0 0/0 0:27 0:00 0:02
Jake Guentzel 0 1 1 1 0 1 2 0 0 0 3/6 12:53 0:00 0:00
Jeff Corbett 0 0 0 0 0 0 0 0 0 0 0/0 11:51 0:00 0:00
Jesse Graham 0 0 0 0 0 0 0 0 0 0 0/0 2:35 0:00 0:00
Jimmy Vesey 1 0 1 0 0 4 1 0 1 0 1/1 16:04 2:22 0:04
Joe Morrow 0 1 1 0 0 0 0 0 2 1 0/0 20:59 2:22 1:31
Johan Larsson 0 0 0 0 2 1 1 0 0 1 0/1 9:03 0:00 0:29
Jordan Schroeder 0 0 0 0 0 2 0 0 0 0 1/3 8:16 0:00 0:00
Josh Andrerson 0 0 0 0 0 0 0 0 0 0 0/0 0:00 0:00 0:00
Justin Bailey 0 0 0 0 0 0 1 1 0 0 0/0 8:16 0:00 0:00
Mark Olver 0 0 0 0 0 0 2 0 3 0 6/11 17:05 2:22 1:05
Mathieu Carle 0 0 0 2 0 6 1 1 0 2 0/0 27:10 3:35 2:27
Max Domi 1 0 1 1 0 3 2 0 1 0 1/1 12:53 0:00 0:00
Nikita Gusev 0 0 0 0 0 0 0 0 0 0 0/0 0:00 0:00 0:00
Nikita Zadorov 0 0 0 0 0 0 2 4 0 1 0/0 20:59 2:22 1:31
Paul Ladue 1 0 1 2 0 2 0 1 0 0 0/0 24:35 3:35 2:27
Rocco Grimaldi 0 0 0 0 0 0 0 0 0 0 0/0 0:00 0:00 0:00
Shane Prince 0 0 0 0 0 0 0 0 0 0 0/0 0:50 0:00 0:50
Tom Kuhnhackl 0 0 0 0 0 0 0 0 0 0 0/0 0:00 0:00 0:00
Players Stats for Punishers
Player Name G A P +/- PIM S H SB GA TA FO MP PP MP PK MP
------------------------------------------------------------------------------------
Boone Jenner 0 0 0 -1 0 2 2 0 0 1 5/9 14:53 1:43 0:00
Carter Ashton 0 0 0 0 0 0 2 0 0 0 0/0 8:26 0:03 0:00
Colton Gillies 0 0 0 -1 2 0 2 0 0 0 0/0 14:13 1:43 0:00
Dan Bertram 0 0 0 0 0 0 0 0 0 0 0/0 0:21 0:00 0:00
David Laliberté 0 0 0 -1 2 1 3 0 1 1 1/3 19:00 2:12 0:31
Dylan DeMelo 0 0 0 -1 0 0 2 0 3 0 0/0 24:36 0:00 1:43
Garret Ross 0 0 0 0 0 2 0 0 0 0 0/0 8:11 0:00 0:16
John Macfarland 0 0 0 0 0 0 0 1 0 0 0/0 2:27 0:03 1:18
Jordan Schmaltz 0 0 0 -1 0 3 0 2 0 3 0/0 29:00 2:35 4:27
Madison Bowey 0 0 0 -2 0 3 3 2 0 2 0/0 26:22 2:35 4:02
Mark Jankowski 0 1 1 0 0 4 2 0 0 0 3/6 12:54 0:00 0:11
Mattias Tedenby 0 0 0 -1 0 0 2 0 2 1 0/0 15:48 1:43 1:13
Michael Joly 0 0 0 0 0 0 0 0 0 0 0/0 3:04 0:03 2:01
Miikka Salomaki 1 0 1 0 0 8 2 0 0 0 0/0 12:13 0:00 0:00
Patrick Wiercioch 0 1 1 -1 0 1 4 3 0 0 0/0 21:30 1:23 0:12
Radek Faksa 0 0 0 0 0 3 2 0 0 0 1/2 10:58 0:00 0:59
Robbie Earl 0 0 0 -1 2 1 1 2 1 2 1/2 20:24 2:12 2:07
Trevor Van Riemsdyk 0 0 0 1 0 1 2 1 0 0 0/0 15:37 1:23 1:30
Tyler Bertuzzi 0 0 0 0 0 1 2 1 0 1 0/0 12:28 0:00 0:00
Zack Hamill 0 0 0 -1 0 2 3 0 0 0 15/33 21:35 2:12 3:18
3 Stars
1 - Jeremy Duchesne (VJB)
2 - Paul Ladue (VJB)
3 - Max Domi (VJB)
Power Play
Influenza - 0 on 3 Attempt(s) - 0.00%
Punishers - 0 on 2 Attempt(s) - 0.00%
Penalty Kill
Influenza - 2 on 2 Attempt(s) - 100.00%
- Score 0 goal in Penalty Kill
Punishers - 3 on 3 Attempt(s) - 100.00%
- Score 0 goal in Penalty Kill
Team Stat
Influenza - Hits : 25 - Faceoff Wins : 29 - Blocked Shots : 9 - Penalty Minutes : 4
Punishers - Hits : 34 - Faceoff Wins : 26 - Blocked Shots : 12 - Penalty Minutes : 6
Official
Referees : Unknown
Linesman : Unknown
Game Notes
No Game Note
Finance
Level 1 -- Attendance: 1391 (69.55%) -- Ticket Income $55,640
Level 2 -- Attendance: 696 (69.60%) -- Ticket Income $13,920
Total Attendance: 2087 (69.57%)
Total Ticket Income: $69,560
Other Income: $3,478
Total Income: $73,038
Influenza
5 vs 5 Forward
Center Left Wing Right Wing Time % Phy DF OF
1 Charlie Coyle Alex Killorn Beau Bennett 40 1 2 2
2 Mark Olver Jimmy Vesey Iiro Pakarinen 30 1 2 2
3 Jake Guentzel Max Domi Anthony Mantha 20 1 2 2
4 Jordan Schroeder Johan Larsson Justin Bailey 10 1 2 2
5 vs 5 Defense
Defense Defense Time % Phy DF OF
1 Mathieu Carle Paul Ladue 40 1 2 2
2 Joe Morrow Nikita Zadorov 30 1 2 2
3 Dmitry Sinitsyn Jeff Corbett 20 1 2 2
4 Jesse Graham Mathieu Carle 10 1 2 2
PowerPlay Forward
Center Left Wing Right Wing Time % Phy DF OF
1 Charlie Coyle Alex Killorn Beau Bennett 60 1 2 2
2 Mark Olver Jimmy Vesey Iiro Pakarinen 40 1 2 2
PowerPlay Defense
Defense Defense Time % Phy DF OF
1 Mathieu Carle Paul Ladue 60 1 2 2
2 Joe Morrow Nikita Zadorov 40 1 2 2
Penalty Kill 4 Players Forward
Center Wing Time % Phy DF OF
1 Alex Killorn Charlie Coyle 60 1 2 2
2 Mark Olver Beau Bennett 40 1 2 2
Penalty Kill 4 Players Defense
Defense Defense Time % Phy DF OF
1 Mathieu Carle Paul Ladue 60 1 2 2
2 Joe Morrow Nikita Zadorov 40 1 2 2
Penalty Kill - 3 Players Forward
Forward Time % Phy DF OF
1 Alex Killorn 60 1 2 2
2 Charlie Coyle 40 1 2 2
Penalty Kill - 3 Players Defense
Defense Defense Time % Phy DF OF
1 Mathieu Carle Paul Ladue 60 1 2 2
2 Joe Morrow Nikita Zadorov 40 1 2 2
4 vs 4 Forward
Center Wing Time % Phy DF OF
1 Alex Killorn Charlie Coyle 60 1 2 2
2 Mark Olver Beau Bennett 40 1 2 2
4 vs 4 Defense
Defense Defense Time % Phy DF OF
1 Mathieu Carle Paul Ladue 60 1 2 2
2 Joe Morrow Nikita Zadorov 40 1 2 2
Last Minutes Offensive
Center Left Wing Right Wing Defense Defense
Charlie Coyle Alex Killorn Beau Bennett Mathieu Carle Paul Ladue
Last Minutes Defensive
Center Left Wing Right Wing Defense Defense
Charlie Coyle Alex Killorn Beau Bennett Mathieu Carle Paul Ladue
Goaltenders
Starting : Jeremy Duchesne
Backup : Tyson Sexsmith
Extra Forwards
Normal : Jacob Josefson, Tom Kuhnhackl, Shane Prince - PP : Jacob Josefson, Tom Kuhnhackl - PK : Shane Prince
Extra Defensemen
Normal : Dmitry Sinitsyn, Jeff Corbett, Jesse Graham - PP : Dmitry Sinitsyn - PK : Jeff Corbett, Jesse Graham
Penalty Shots
Alex Killorn, Charlie Coyle, Mark Olver, Beau Bennett, Jimmy Vesey
Scratches
Jamie Devane (Healthy), Henri Ikonen (Healthy), Fredric Larsson (Healthy), Tim Erixon (Right Knee Injury), Jamie Phillips (Healthy)
Punishers
5 vs 5 Forward
Center Left Wing Right Wing Time % Phy DF OF
1 Zack Hamill Robbie Earl David Laliberté 40 1 2 2
2 Boone Jenner Colton Gillies Mattias Tedenby 30 1 2 2
3 Mark Jankowski Tyler Bertuzzi Miikka Salomaki 20 1 2 2
4 Radek Faksa Garret Ross Carter Ashton 10 1 2 2
5 vs 5 Defense
Defense Defense Time % Phy DF OF
1 Jordan Schmaltz Madison Bowey 40 1 2 2
2 Patrick Wiercioch Dylan DeMelo 30 1 2 2
3 Trevor Van Riemsdyk Jordan Schmaltz 20 1 2 2
4 Dylan DeMelo Madison Bowey 10 1 2 2
PowerPlay Forward
Center Left Wing Right Wing Time % Phy DF OF
1 Zack Hamill Robbie Earl David Laliberté 60 1 2 2
2 Boone Jenner Colton Gillies Mattias Tedenby 40 1 2 2
PowerPlay Defense
Defense Defense Time % Phy DF OF
1 Jordan Schmaltz Madison Bowey 60 1 2 2
2 Jordan Schmaltz Madison Bowey 40 1 2 2
Penalty Kill 4 Players Forward
Center Wing Time % Phy DF OF
1 Zack Hamill Robbie Earl 60 1 2 2
2 David Laliberté Mattias Tedenby 40 1 2 2
Penalty Kill 4 Players Defense
Defense Defense Time % Phy DF OF
1 Jordan Schmaltz Madison Bowey 60 1 2 2
2 Jordan Schmaltz Madison Bowey 40 1 2 2
Penalty Kill - 3 Players Forward
Forward Time % Phy DF OF
1 Zack Hamill 60 1 2 2
2 Robbie Earl 40 1 2 2
Penalty Kill - 3 Players Defense
Defense Defense Time % Phy DF OF
1 Jordan Schmaltz Madison Bowey 60 1 2 2
2 Jordan Schmaltz Madison Bowey 40 1 2 2
4 vs 4 Forward
Center Wing Time % Phy DF OF
1 Zack Hamill Robbie Earl 60 1 2 2
2 David Laliberté Mattias Tedenby 40 1 2 2
4 vs 4 Defense
Defense Defense Time % Phy DF OF
1 Jordan Schmaltz Madison Bowey 60 1 2 2
2 Jordan Schmaltz Madison Bowey 40 1 2 2
Last Minutes Offensive
Center Left Wing Right Wing Defense Defense
Zack Hamill Robbie Earl David Laliberté Jordan Schmaltz Madison Bowey
Last Minutes Defensive
Center Left Wing Right Wing Defense Defense
Zack Hamill Robbie Earl David Laliberté Jordan Schmaltz Madison Bowey
Goaltenders
Starting : Kristers Gudlevskis
Backup : Louis Domingue
Extra Forwards
Normal : Boone Jenner, Tyler Bertuzzi, Mattias Tedenby - PP : Carter Ashton, Mattias Tedenby - PK : Michael Joly
Extra Defensemen
Normal : Patrick Wiercioch, Dylan DeMelo, Trevor Van Riemsdyk - PP : Patrick Wiercioch - PK : Dylan DeMelo, Trevor Van Riemsdyk
Penalty Shots
Zack Hamill, Robbie Earl, David Laliberté, Mattias Tedenby, Boone Jenner
Scratches
Daniel Altshuller (Healthy)
% Time on Ice - Influenza
Lines # - Real PCT - Wanted PCT - Time Play
Normal Forward
1 - 31% - 40% - 15:18
2 - 27% - 30% - 13:38
3 - 26% - 20% - 12:53
4 - 17% - 10% - 8:16
Normal Defense
1 - 37% - 40% - 18:33
2 - 34% - 30% - 17:06
3 - 24% - 20% - 11:51
4 - 5% - 10% - 2:35
PP Forward
1 - 60% - 60% - 3:35
2 - 40% - 40% - 2:22
PP Defense
1 - 60% - 60% - 3:35
2 - 40% - 40% - 2:22
PK Forward
1 - 73% - 60% - 2:53
2 - 27% - 40% - 1:05
PK Defense
1 - 62% - 60% - 2:27
2 - 38% - 40% - 1:31
PK3 Forward
1 - 0% - 60%
2 - 0% - 40%
PK3 Defense
1 - 0% - 60%
2 - 0% - 40%
44 Forward
1 - 0% - 60%
2 - 0% - 40%
44 Defense
1 - 0% - 60%
2 - 0% - 40%
Last Minute Offensive - 0:00
Last Minute Defensive - 0:00
Total
Forward - 60:00
Defense - 60:00
|
% Time on Ice - Punishers
Lines # - Real PCT - Wanted PCT - Time Play
Normal Forward
1 - 33% - 40% - 16:37
2 - 27% - 30% - 13:21
3 - 24% - 20% - 12:13
4 - 16% - 10% - 7:54
Normal Defense
1 - 31% - 40% - 15:43
2 - 38% - 30% - 18:47
3 - 21% - 20% - 10:38
4 - 10% - 10% - 4:57
PP Forward
1 - 55% - 60% - 2:12
2 - 45% - 40% - 1:46
PP Defense
1 - 100% - 60% - 3:58
2 - 0% - 40% - 0:00
PK Forward
1 - 80% - 60% - 4:44
2 - 20% - 40% - 1:13
PK Defense
1 - 100% - 60% - 5:57
2 - 0% - 40% - 0:00
PK3 Forward
1 - 0% - 60%
2 - 0% - 40%
PK3 Defense
1 - 0% - 60%
2 - 0% - 40%
44 Forward
1 - 0% - 60%
2 - 0% - 40%
44 Defense
1 - 0% - 60%
2 - 0% - 40%
Last Minute Offensive - 0:00
Last Minute Defensive - 0:00
Total
Forward - 60:00
Defense - 60:00
|
Play-by-Play
1st period
0:01 of 1st period - Zack Hamill wins face-off versus Charlie Coyle in neutral zone.
0:11 of 1st period - Charlie Coyle is hit by Zack Hamill and loses puck.
1:13 of 1st period - Dmitry Sinitsyn is hit by Patrick Wiercioch and loses puck.
1:36 of 1st period - Jimmy Vesey is hit by Boone Jenner and loses puck.
1:47 of 1st period - Dmitry Sinitsyn is hit by Mattias Tedenby and loses puck.
2:07 of 1st period - Snap shot by Beau Bennett.
2:07 of 1st period - Stopped by Kristers Gudlevskis without a rebound.
2:08 of 1st period - Radek Faksa wins face-off versus Charlie Coyle in Punishers zone.
2:52 of 1st period - Dylan DeMelo is hit by Mark Olver and loses puck.
2:57 of 1st period - Slapshot by Iiro Pakarinen.
2:57 of 1st period - Shot Blocked by Madison Bowey.
3:30 of 1st period - Jordan Schroeder is hit by Carter Ashton and loses puck.
3:49 of 1st period - Dmitry Sinitsyn is hit by Trevor Van Riemsdyk and loses puck.
4:02 of 1st period - Jordan Schmaltz is hit by Anthony Mantha and loses puck.
4:29 of 1st period - Wrist shot by Max Domi.
4:29 of 1st period - Stopped by Kristers Gudlevskis with a rebound.
4:35 of 1st period - Snap shot by Jake Guentzel.
4:35 of 1st period - Shot Misses the Net.
4:37 of 1st period - Slapshot by Jeff Corbett.
4:37 of 1st period - Shot Misses the Net.
5:05 of 1st period - Dylan DeMelo is hit by Alex Killorn.
5:17 of 1st period - Beau Bennett is hit by Radek Faksa and loses puck.
6:19 of 1st period - Snap shot by Mark Jankowski.
6:19 of 1st period - Shot Misses the Net.
6:21 of 1st period - Slapshot by Madison Bowey.
6:21 of 1st period - Shot Blocked by Nikita Zadorov.
6:23 of 1st period - Slapshot by Madison Bowey.
6:23 of 1st period - Shot Misses the Net.
6:25 of 1st period - Slapshot by Radek Faksa.
6:25 of 1st period - Stopped by Jeremy Duchesne without a rebound.
6:26 of 1st period - Mark Olver wins face-off versus Zack Hamill in Influenza zone.
7:13 of 1st period - Paul Ladue is hit by Miikka Salomaki and loses puck.
7:38 of 1st period - Wrist shot by Jordan Schroeder.
7:38 of 1st period - Stopped by Kristers Gudlevskis with a rebound.
8:21 of 1st period - Snap shot by Beau Bennett.
8:21 of 1st period - Stopped by Kristers Gudlevskis with a rebound.
8:28 of 1st period - Icing by Robbie Earl.
8:29 of 1st period - Zack Hamill wins face-off versus Mark Olver in Punishers zone.
8:34 of 1st period - Nikita Zadorov is hit by Patrick Wiercioch and loses puck.
8:59 of 1st period - Alex Killorn is hit by Trevor Van Riemsdyk and loses puck.
9:45 of 1st period - Jordan Schmaltz is hit by Justin Bailey and loses puck.
10:01 of 1st period - Snap shot by Radek Faksa.
10:01 of 1st period - Stopped by Jeremy Duchesne with a rebound.
10:03 of 1st period - Wrist shot by Garret Ross.
10:03 of 1st period - Stopped by Jeremy Duchesne with a rebound.
10:05 of 1st period - Snap shot by Patrick Wiercioch.
10:05 of 1st period - Stopped by Jeremy Duchesne with a rebound.
10:29 of 1st period - Slapshot by Mathieu Carle.
10:29 of 1st period - Deflect By Carter Ashton.
10:29 of 1st period - Stopped by Kristers Gudlevskis without a rebound.
10:30 of 1st period - David Laliberté wins face-off versus Charlie Coyle in Punishers zone.
10:35 of 1st period - Beau Bennett is hit by Zack Hamill and loses puck.
11:01 of 1st period - Snap shot by Mark Olver.
11:01 of 1st period - Deflect By Jimmy Vesey.
11:01 of 1st period - Stopped by Kristers Gudlevskis without a rebound.
11:02 of 1st period - Boone Jenner wins face-off versus Mark Olver in Punishers zone.
11:02 of 1st period - Boone Jenner is hit by Mark Olver.
11:24 of 1st period - Minor Penalty to Colton Gillies for Slashing.
11:25 of 1st period - Zack Hamill wins face-off versus Charlie Coyle in Punishers zone.
11:36 of 1st period - Slapshot by Alex Killorn.
11:36 of 1st period - Stopped by Kristers Gudlevskis without a rebound.
11:37 of 1st period - Charlie Coyle wins face-off versus Zack Hamill in Punishers zone.
13:24 of 1st period - Penalty to Colton Gillies is over, Colton Gillies is back on ice.
13:57 of 1st period - Dmitry Sinitsyn is hit by Tyler Bertuzzi and loses puck.
14:06 of 1st period - Wrist shot by Miikka Salomaki.
14:06 of 1st period - Deflect By Mark Jankowski.
14:06 of 1st period - Shot Misses the Net.
14:06 of 1st period - Puck is out of play.
14:07 of 1st period - Boone Jenner wins face-off versus Jake Guentzel in Influenza zone.
14:11 of 1st period - Minor Penalty to Anthony Mantha for Hooking.
14:12 of 1st period - Zack Hamill wins face-off versus Alex Killorn in Influenza zone.
14:19 of 1st period - Slapshot by Madison Bowey.
14:19 of 1st period - Stopped by Jeremy Duchesne with a rebound.
14:21 of 1st period - Wrist shot by Zack Hamill.
14:21 of 1st period - Shot Hit the Post.
14:23 of 1st period - Snap shot by Madison Bowey.
14:23 of 1st period - Stopped by Jeremy Duchesne without a rebound.
14:24 of 1st period - Alex Killorn wins face-off versus Zack Hamill in Influenza zone.
14:39 of 1st period - Slapshot by Jordan Schmaltz.
14:39 of 1st period - Stopped by Jeremy Duchesne with a rebound.
15:25 of 1st period - Colton Gillies is hit by Nikita Zadorov and loses puck.
15:36 of 1st period - Alex Killorn is hit by David Laliberté and loses puck.
15:57 of 1st period - Slapshot by Joe Morrow.
15:57 of 1st period - Shot Blocked by Trevor Van Riemsdyk.
16:11 of 1st period - Penalty to Anthony Mantha is over, Anthony Mantha is back on ice.
16:27 of 1st period - Snap shot by Garret Ross.
16:27 of 1st period - Shot Misses the Net.
16:29 of 1st period - Wrist shot by Garret Ross.
16:29 of 1st period - Shot Misses the Net.
17:37 of 1st period - Slapshot by Garret Ross.
17:37 of 1st period - Shot Misses the Net.
17:58 of 1st period - Off-side.
17:59 of 1st period - Jordan Schroeder wins face-off versus David Laliberté in neutral zone.
18:02 of 1st period - Wrist shot by Justin Bailey.
18:02 of 1st period - Shot Misses the Net.
18:46 of 1st period - Off-side.
18:47 of 1st period - Charlie Coyle wins face-off versus Zack Hamill in neutral zone.
18:54 of 1st period - Snap shot by Beau Bennett.
18:54 of 1st period - Stopped by Kristers Gudlevskis with a rebound.
19:20 of 1st period - Snap shot by Mark Jankowski.
19:20 of 1st period - Deflect By Miikka Salomaki.
19:20 of 1st period - Stopped by Jeremy Duchesne without a rebound.
19:21 of 1st period - Zack Hamill wins face-off versus Mark Olver in Influenza zone.
19:24 of 1st period - Slapshot by Zack Hamill.
19:24 of 1st period - Shot Misses the Net.
19:56 of 1st period - Snap shot by Alex Killorn.
19:56 of 1st period - Stopped by Kristers Gudlevskis without a rebound.
19:57 of 1st period - Zack Hamill wins face-off versus Beau Bennett in Punishers zone.
Goals for this period are 0 for Influenza vs 0 for Punishers.
Shots for this period are 9 for Influenza vs 8 for Punishers.
2nd period
0:01 of 2nd period - Zack Hamill wins face-off versus Charlie Coyle in neutral zone.
0:10 of 2nd period - Snap shot by Zack Hamill.
0:10 of 2nd period - Shot Blocked by Alex Killorn.
0:16 of 2nd period - Slapshot by Paul Ladue.
0:16 of 2nd period - Stopped by Kristers Gudlevskis without a rebound.
0:17 of 2nd period - Boone Jenner wins face-off versus Mark Olver in Punishers zone.
0:26 of 2nd period - Backhand shot by Mattias Tedenby.
0:26 of 2nd period - Shot Blocked by Paul Ladue.
1:07 of 2nd period - Wrist shot by Miikka Salomaki.
1:07 of 2nd period - Shot Blocked by Nikita Zadorov.
1:09 of 2nd period - Slapshot by Jordan Schmaltz.
1:09 of 2nd period - Stopped by Jeremy Duchesne without a rebound.
1:10 of 2nd period - Mark Jankowski wins face-off versus Mark Olver in Influenza zone.
1:13 of 2nd period - Slapshot by Miikka Salomaki.
1:13 of 2nd period - Shot Blocked by Nikita Zadorov.
1:23 of 2nd period - Slapshot by Miikka Salomaki.
1:23 of 2nd period - Stopped by Jeremy Duchesne with a rebound.
1:25 of 2nd period - Snap shot by Miikka Salomaki.
1:25 of 2nd period - Stopped by Jeremy Duchesne with a rebound.
1:29 of 2nd period - Wrist shot by Miikka Salomaki.
1:29 of 2nd period - Stopped by Jeremy Duchesne with a rebound.
1:31 of 2nd period - Wrist shot by Miikka Salomaki.
1:31 of 2nd period - Goal by Miikka Salomaki - Influenza : 0 - Punishers : 1.
1:32 of 2nd period - Zack Hamill wins face-off versus Charlie Coyle in neutral zone.
2:31 of 2nd period - Snap shot by Madison Bowey.
2:31 of 2nd period - Stopped by Jeremy Duchesne with a rebound.
2:33 of 2nd period - Slapshot by Jordan Schmaltz.
2:33 of 2nd period - Shot Blocked by Nikita Zadorov.
2:35 of 2nd period - Backhand shot by Jordan Schmaltz.
2:35 of 2nd period - Deflect By Mark Jankowski.
2:35 of 2nd period - Stopped by Jeremy Duchesne with a rebound.
2:45 of 2nd period - Dylan DeMelo is hit by Nikita Zadorov and loses puck.
2:52 of 2nd period - Snap shot by Jordan Schroeder.
2:52 of 2nd period - Stopped by Kristers Gudlevskis without a rebound.
2:53 of 2nd period - Charlie Coyle wins face-off versus Zack Hamill in Punishers zone.
3:06 of 2nd period - Snap shot by Alex Killorn.
3:06 of 2nd period - Stopped by Kristers Gudlevskis without a rebound.
3:07 of 2nd period - Beau Bennett wins face-off versus Zack Hamill in Punishers zone.
3:08 of 2nd period - Backhand shot by Alex Killorn.
3:08 of 2nd period - Stopped by Kristers Gudlevskis without a rebound.
3:09 of 2nd period - Robbie Earl wins face-off versus Charlie Coyle in Punishers zone.
3:09 of 2nd period - Robbie Earl is hit by Alex Killorn.
3:54 of 2nd period - Off-side.
3:55 of 2nd period - Mark Jankowski wins face-off versus Jordan Schroeder in neutral zone.
4:06 of 2nd period - Wrist shot by Miikka Salomaki.
4:06 of 2nd period - Deflect By Mark Jankowski.
4:06 of 2nd period - Shot Blocked by Justin Bailey.
4:06 of 2nd period - Puck is out of play.
4:07 of 2nd period - Charlie Coyle wins face-off versus Zack Hamill in Influenza zone.
4:39 of 2nd period - Wrist shot by Iiro Pakarinen.
4:39 of 2nd period - Shot Misses the Net.
4:53 of 2nd period - Nikita Zadorov is hit by Mark Jankowski.
4:57 of 2nd period - Miikka Salomaki is hit by Jake Guentzel and loses puck.
5:09 of 2nd period - Minor Penalty to Johan Larsson for Holding.
5:10 of 2nd period - Alex Killorn wins face-off versus Zack Hamill in Influenza zone.
6:01 of 2nd period - Slapshot by Patrick Wiercioch.
6:01 of 2nd period - Shot Misses the Net.
7:09 of 2nd period - Penalty to Johan Larsson is over, Johan Larsson is back on ice.
7:24 of 2nd period - Wrist shot by Max Domi.
7:24 of 2nd period - Shot Blocked by John Macfarland.
7:49 of 2nd period - Mark Olver is hit by Carter Ashton and loses puck.
8:04 of 2nd period - Mark Jankowski is hit by Johan Larsson and loses puck.
8:24 of 2nd period - Dylan DeMelo is hit by Anthony Mantha and loses puck.
8:31 of 2nd period - Radek Faksa is hit by Anthony Mantha and loses puck.
8:48 of 2nd period - Mattias Tedenby is hit by Beau Bennett and loses puck.
9:33 of 2nd period - David Laliberté is hit by Beau Bennett and loses puck.
10:44 of 2nd period - Off-side.
10:45 of 2nd period - Zack Hamill wins face-off versus Beau Bennett in neutral zone.
10:58 of 2nd period - Beau Bennett is hit by Patrick Wiercioch and loses puck.
11:11 of 2nd period - Mark Olver is hit by Boone Jenner.
11:15 of 2nd period - Nikita Zadorov is hit by Mattias Tedenby and loses puck.
11:50 of 2nd period - Backhand shot by Anthony Mantha.
11:50 of 2nd period - Shot Misses the Net.
12:04 of 2nd period - Wrist shot by Beau Bennett.
12:04 of 2nd period - Shot Misses the Net.
12:06 of 2nd period - Snap shot by Dmitry Sinitsyn.
12:06 of 2nd period - Stopped by Kristers Gudlevskis without a rebound.
12:07 of 2nd period - Charlie Coyle wins face-off versus Zack Hamill in Punishers zone.
12:32 of 2nd period - Dylan DeMelo is hit by Jimmy Vesey and loses puck.
12:41 of 2nd period - Jimmy Vesey is hit by Madison Bowey and loses puck.
12:56 of 2nd period - Wrist shot by Jake Guentzel.
12:56 of 2nd period - Stopped by Kristers Gudlevskis without a rebound.
12:57 of 2nd period - Zack Hamill wins face-off versus Jake Guentzel in Punishers zone.
13:11 of 2nd period - Max Domi is hit by David Laliberté and loses puck.
13:31 of 2nd period - Mattias Tedenby is hit by Alex Killorn and loses puck.
13:44 of 2nd period - Beau Bennett is hit by Radek Faksa and loses puck.
14:22 of 2nd period - Slapshot by Alex Killorn.
14:22 of 2nd period - Shot Misses the Net.
14:24 of 2nd period - Slapshot by Nikita Zadorov.
14:24 of 2nd period - Shot Blocked by Patrick Wiercioch.
14:26 of 2nd period - Slapshot by Alex Killorn.
14:26 of 2nd period - Stopped by Kristers Gudlevskis without a rebound.
14:27 of 2nd period - Mark Olver wins face-off versus Zack Hamill in Punishers zone.
14:52 of 2nd period - Trevor Van Riemsdyk is hit by Max Domi and loses puck.
15:16 of 2nd period - Johan Larsson is hit by Mark Jankowski and loses puck.
15:25 of 2nd period - Dmitry Sinitsyn is hit by Dylan DeMelo and loses puck.
16:02 of 2nd period - Snap shot by Mathieu Carle.
16:02 of 2nd period - Stopped by Kristers Gudlevskis with a rebound.
17:01 of 2nd period - Slapshot by Johan Larsson.
17:01 of 2nd period - Shot Misses the Net.
17:03 of 2nd period - Slapshot by Nikita Zadorov.
17:03 of 2nd period - Shot Misses the Net.
17:15 of 2nd period - Wrist shot by Mattias Tedenby.
17:15 of 2nd period - Shot Misses the Net.
17:25 of 2nd period - Colton Gillies is hit by Max Domi and loses puck.
17:44 of 2nd period - Snap shot by Jimmy Vesey.
17:44 of 2nd period - Stopped by Kristers Gudlevskis without a rebound.
17:45 of 2nd period - Charlie Coyle wins face-off versus Zack Hamill in Punishers zone.
17:48 of 2nd period - Wrist shot by Beau Bennett.
17:48 of 2nd period - Shot Blocked by Jordan Schmaltz.
18:00 of 2nd period - Snap shot by Alex Killorn.
18:00 of 2nd period - Shot Blocked by Madison Bowey.
18:10 of 2nd period - Dmitry Sinitsyn is hit by Colton Gillies and loses puck.
18:39 of 2nd period - Paul Ladue is hit by Tyler Bertuzzi.
18:55 of 2nd period - Snap shot by Garret Ross.
18:55 of 2nd period - Shot Misses the Net.
18:57 of 2nd period - Slapshot by Jordan Schmaltz.
18:57 of 2nd period - Stopped by Jeremy Duchesne with a rebound.
18:59 of 2nd period - Slapshot by Jordan Schmaltz.
18:59 of 2nd period - Deflect By Radek Faksa.
18:59 of 2nd period - Stopped by Jeremy Duchesne without a rebound.
19:00 of 2nd period - Charlie Coyle wins face-off versus David Laliberté in Influenza zone.
19:09 of 2nd period - Nikita Zadorov is hit by Dylan DeMelo and loses puck.
19:14 of 2nd period - Snap shot by Zack Hamill.
19:14 of 2nd period - Stopped by Jeremy Duchesne with a rebound.
19:16 of 2nd period - Snap shot by Zack Hamill.
19:16 of 2nd period - Stopped by Jeremy Duchesne with a rebound.
Goals for this period are 0 for Influenza vs 1 for Punishers.
Shots for this period are 9 for Influenza vs 11 for Punishers.
3rd period
0:01 of 3rd period - Zack Hamill wins face-off versus Charlie Coyle in neutral zone.
0:26 of 3rd period - Jimmy Vesey is hit by Madison Bowey and loses puck.
0:46 of 3rd period - Off-side.
0:47 of 3rd period - Mark Jankowski wins face-off versus Jake Guentzel in neutral zone.
0:50 of 3rd period - Wrist shot by Miikka Salomaki.
0:50 of 3rd period - Deflect By Mark Jankowski.
0:50 of 3rd period - Shot Misses the Net.
0:50 of 3rd period - Puck is out of play.
0:51 of 3rd period - Max Domi wins face-off versus Mark Jankowski in Influenza zone.
1:43 of 3rd period - Wrist shot by Max Domi.
1:43 of 3rd period - Goal by Max Domi - Influenza : 1 - Punishers : 1.
1:44 of 3rd period - Charlie Coyle wins face-off versus Zack Hamill in neutral zone.
1:50 of 3rd period - Slapshot by Mathieu Carle.
1:50 of 3rd period - Shot Misses the Net.
1:52 of 3rd period - Slapshot by Beau Bennett.
1:52 of 3rd period - Shot Misses the Net.
1:54 of 3rd period - Wrist shot by Alex Killorn.
1:54 of 3rd period - Stopped by Kristers Gudlevskis with a rebound.
1:56 of 3rd period - Slapshot by Paul Ladue.
1:56 of 3rd period - Goal by Paul Ladue - Influenza : 2 - Punishers : 1.
1:57 of 3rd period - Charlie Coyle wins face-off versus Zack Hamill in neutral zone.
2:00 of 3rd period - Slapshot by Mathieu Carle.
2:00 of 3rd period - Stopped by Kristers Gudlevskis with a rebound.
2:44 of 3rd period - Icing by Dylan DeMelo.
2:45 of 3rd period - Mark Olver wins face-off versus Boone Jenner in Punishers zone.
2:52 of 3rd period - Wrist shot by Jimmy Vesey.
2:52 of 3rd period - Stopped by Kristers Gudlevskis with a rebound.
2:54 of 3rd period - Snap shot by Iiro Pakarinen.
2:54 of 3rd period - Stopped by Kristers Gudlevskis with a rebound.
4:51 of 3rd period - Icing by Dylan DeMelo.
4:52 of 3rd period - Jake Guentzel wins face-off versus Radek Faksa in Punishers zone.
4:59 of 3rd period - Slapshot by Mathieu Carle.
4:59 of 3rd period - Stopped by Kristers Gudlevskis with a rebound.
5:01 of 3rd period - Wrist shot by Anthony Mantha.
5:01 of 3rd period - Shot Blocked by Patrick Wiercioch.
5:03 of 3rd period - Slapshot by Paul Ladue.
5:03 of 3rd period - Shot Blocked by Patrick Wiercioch.
5:05 of 3rd period - Slapshot by Mathieu Carle.
5:05 of 3rd period - Stopped by Kristers Gudlevskis without a rebound.
5:06 of 3rd period - Zack Hamill wins face-off versus Alex Killorn in Punishers zone.
5:06 of 3rd period - Zack Hamill is hit by Alex Killorn.
5:14 of 3rd period - Slapshot by Jordan Schmaltz.
5:14 of 3rd period - Deflect By Robbie Earl.
5:14 of 3rd period - Stopped by Jeremy Duchesne with a rebound.
5:22 of 3rd period - Slapshot by Mathieu Carle.
5:22 of 3rd period - Stopped by Kristers Gudlevskis without a rebound.
5:23 of 3rd period - Mark Olver wins face-off versus Boone Jenner in Punishers zone.
5:30 of 3rd period - Slapshot by Jimmy Vesey.
5:30 of 3rd period - Shot Blocked by Jordan Schmaltz.
5:32 of 3rd period - Slapshot by Mathieu Carle.
5:32 of 3rd period - Deflect By Jimmy Vesey.
5:32 of 3rd period - Shot Misses the Net.
5:32 of 3rd period - Puck is out of play.
5:33 of 3rd period - Boone Jenner wins face-off versus Iiro Pakarinen in Punishers zone.
5:50 of 3rd period - Slapshot by Jimmy Vesey.
5:50 of 3rd period - Goal by Jimmy Vesey - Influenza : 3 - Punishers : 1.
5:51 of 3rd period - Charlie Coyle wins face-off versus Robbie Earl in neutral zone.
5:56 of 3rd period - Snap shot by Alex Killorn.
5:56 of 3rd period - Deflect By Beau Bennett.
5:56 of 3rd period - Shot Blocked by Robbie Earl.
5:56 of 3rd period - Puck is out of play.
5:57 of 3rd period - Zack Hamill wins face-off versus Charlie Coyle in Punishers zone.
5:59 of 3rd period - Minor Penalty to Robbie Earl for Hooking.
6:00 of 3rd period - Zack Hamill wins face-off versus Charlie Coyle in Punishers zone.
6:08 of 3rd period - Snap shot by Charlie Coyle.
6:08 of 3rd period - Stopped by Kristers Gudlevskis with a rebound.
6:16 of 3rd period - Slapshot by Alex Killorn.
6:16 of 3rd period - Deflect By Beau Bennett.
6:16 of 3rd period - Shot Misses the Net.
6:16 of 3rd period - Puck is out of play.
6:17 of 3rd period - Charlie Coyle wins face-off versus Zack Hamill in Punishers zone.
6:20 of 3rd period - Snap shot by Beau Bennett.
6:20 of 3rd period - Stopped by Kristers Gudlevskis without a rebound.
6:21 of 3rd period - Charlie Coyle wins face-off versus Zack Hamill in Punishers zone.
6:52 of 3rd period - Wrist shot by Iiro Pakarinen.
6:52 of 3rd period - Shot Hit the Post.
7:59 of 3rd period - Penalty to Robbie Earl is over, Robbie Earl is back on ice.
8:20 of 3rd period - Paul Ladue is hit by Colton Gillies and loses puck.
8:35 of 3rd period - Wrist shot by Jordan Schroeder.
8:35 of 3rd period - Deflect By Johan Larsson.
8:35 of 3rd period - Stopped by Kristers Gudlevskis with a rebound.
10:23 of 3rd period - Snap shot by Garret Ross.
10:23 of 3rd period - Stopped by Jeremy Duchesne without a rebound.
10:24 of 3rd period - Charlie Coyle wins face-off versus Boone Jenner in Influenza zone.
10:49 of 3rd period - David Laliberté is hit by Anthony Mantha and loses puck.
11:08 of 3rd period - Snap shot by Trevor Van Riemsdyk.
11:08 of 3rd period - Stopped by Jeremy Duchesne without a rebound.
11:09 of 3rd period - Jimmy Vesey wins face-off versus Mark Jankowski in Influenza zone.
11:24 of 3rd period - Snap shot by Mark Jankowski.
11:24 of 3rd period - Stopped by Jeremy Duchesne with a rebound.
11:34 of 3rd period - Alex Killorn is hit by Robbie Earl and loses puck.
11:49 of 3rd period - Beau Bennett is hit by Patrick Wiercioch.
12:01 of 3rd period - Boone Jenner is hit by Anthony Mantha and loses puck.
12:40 of 3rd period - Wrist shot by Tyler Bertuzzi.
12:40 of 3rd period - Deflect By Miikka Salomaki.
12:40 of 3rd period - Stopped by Jeremy Duchesne with a rebound.
12:58 of 3rd period - Madison Bowey is hit by Beau Bennett.
13:02 of 3rd period - Wrist shot by Charlie Coyle.
13:02 of 3rd period - Shot Blocked by Tyler Bertuzzi.
13:04 of 3rd period - Snap shot by Charlie Coyle.
13:04 of 3rd period - Shot Misses the Net.
13:06 of 3rd period - Snap shot by Alex Killorn.
13:06 of 3rd period - Stopped by Kristers Gudlevskis without a rebound.
13:07 of 3rd period - Mark Olver wins face-off versus Zack Hamill in Punishers zone.
13:11 of 3rd period - Minor Penalty to David Laliberté for Hooking.
13:12 of 3rd period - Charlie Coyle wins face-off versus Zack Hamill in Punishers zone.
13:20 of 3rd period - Wrist shot by Alex Killorn.
13:20 of 3rd period - Stopped by Kristers Gudlevskis with a rebound.
13:22 of 3rd period - Snap shot by Beau Bennett.
13:22 of 3rd period - Shot Blocked by Robbie Earl.
14:14 of 3rd period - Dylan DeMelo is hit by Beau Bennett and loses puck.
15:09 of 3rd period - Nikita Zadorov is hit by Madison Bowey and loses puck.
15:11 of 3rd period - Penalty to David Laliberté is over, David Laliberté is back on ice.
15:26 of 3rd period - Snap shot by Max Domi.
15:26 of 3rd period - Shot Misses the Net.
15:28 of 3rd period - Snap shot by Dmitry Sinitsyn.
15:28 of 3rd period - Stopped by Kristers Gudlevskis with a rebound.
15:30 of 3rd period - Snap shot by Jake Guentzel.
15:30 of 3rd period - Deflect By Max Domi.
15:30 of 3rd period - Shot Misses the Net.
15:30 of 3rd period - Puck is out of play.
15:31 of 3rd period - Jake Guentzel wins face-off versus Mark Jankowski in Punishers zone.
15:36 of 3rd period - Slapshot by Mathieu Carle.
15:36 of 3rd period - Deflect By Anthony Mantha.
15:36 of 3rd period - Stopped by Kristers Gudlevskis with a rebound.
15:42 of 3rd period - Paul Ladue is hit by Miikka Salomaki and loses puck.
16:30 of 3rd period - Icing by Dmitry Sinitsyn.
16:31 of 3rd period - Boone Jenner wins face-off versus Johan Larsson in Influenza zone.
16:34 of 3rd period - Snap shot by Boone Jenner.
16:34 of 3rd period - Stopped by Jeremy Duchesne without a rebound.
16:35 of 3rd period - Zack Hamill wins face-off versus Jordan Schroeder in Influenza zone.
16:36 of 3rd period - Wrist shot by David Laliberté.
16:36 of 3rd period - Stopped by Jeremy Duchesne with a rebound.
17:04 of 3rd period - Wrist shot by Miikka Salomaki.
17:04 of 3rd period - Shot Blocked by Mathieu Carle.
17:06 of 3rd period - Snap shot by Tyler Bertuzzi.
17:06 of 3rd period - Shot Blocked by Beau Bennett.
17:08 of 3rd period - Wrist shot by Mark Jankowski.
17:08 of 3rd period - Shot Misses the Net.
17:10 of 3rd period - Wrist shot by Mark Jankowski.
17:10 of 3rd period - Stopped by Jeremy Duchesne with a rebound.
17:22 of 3rd period - Snap shot by Boone Jenner.
17:22 of 3rd period - Stopped by Jeremy Duchesne with a rebound.
17:28 of 3rd period - Mattias Tedenby is hit by Jake Guentzel and loses puck.
17:33 of 3rd period - Slapshot by Max Domi.
17:33 of 3rd period - Stopped by Kristers Gudlevskis with a rebound.
17:53 of 3rd period - Mark Olver is hit by Zack Hamill and loses puck.
18:01 of 3rd period - Icing by Joe Morrow.
18:02 of 3rd period - Mark Olver wins face-off versus Boone Jenner in Influenza zone.
18:11 of 3rd period - Wrist shot by Colton Gillies.
18:11 of 3rd period - Shot Misses the Net.
18:21 of 3rd period - Snap shot by Miikka Salomaki.
18:21 of 3rd period - Stopped by Jeremy Duchesne with a rebound.
18:23 of 3rd period - Snap shot by Mark Jankowski.
18:23 of 3rd period - Stopped by Jeremy Duchesne with a rebound.
18:25 of 3rd period - Wrist shot by Tyler Bertuzzi.
18:25 of 3rd period - Stopped by Jeremy Duchesne without a rebound.
18:26 of 3rd period - Jake Guentzel wins face-off versus Zack Hamill in Influenza zone.
18:39 of 3rd period - Trevor Van Riemsdyk is hit by Mathieu Carle.
18:57 of 3rd period - Wrist shot by Miikka Salomaki.
18:57 of 3rd period - Stopped by Jeremy Duchesne with a rebound.
19:57 of 3rd period - Jimmy Vesey is hit by David Laliberté.
Goals for this period are 3 for Influenza vs 0 for Punishers.
Shots for this period are 18 for Influenza vs 13 for Punishers.
Back to the Top